Rangers vs Flyers

Created - 10 avril 2019 at 20:29

Goals
1 2 3 T
Rangers 0 2 2 4
Flyers 1 0 0 1
Shots
1 2 3 T
Rangers 9 8 14 31
Flyers 14 2 13 29

1st period

1. Flyers , Mattias Janmark 5 (Calle Jarnkrok 32, Markus Nutivaara 10) at 3:36

Penalties :
No Penalty

2nd period

2. Rangers , Nick Bonino 14 (Nick Leddy 58, Michael Del Zotto 20) at 15:33
3. Rangers , Matt Niskanen 14 (Alexander Radulov 32, Alex Goligoski 35) at 19:21 (PP)

Penalties :
Ondrej Palat (NYR) for Goalie Interference (Minor) at 1:27, Damon Severson (PHI) for High sticking (Minor) at 4:57, Nico Hischier (PHI) for Hooking (Minor) at 17:28

3rd period

4. Rangers , Alex Goligoski 11 (Vincent Trocheck 46, Matt Niskanen 27) at 4:16
5. Rangers , Noel Acciari 5 (Nick Bonino 16, Tom Kuhnhackl 4) at 14:16

Penalties :
Brandon Saad (PHI) for Holding (Minor) at 3:09, Alexei Emelin (NYR) for Tripping (Minor) at 3:09, Tom Kuhnhackl (NYR) for Slashing (Minor) at 5:13, Anders Lee (PHI) for Cross-checking (Minor) at 8:43

Goalie Stats

Andrei Vasilevskiy (NYR), 28 saves from 29 shots - (0.966), W, 36-27-11, 60:00 minutes
Ben Bishop (PHI), 27 saves from 31 shots - (0.871), L, 35-24-6, 60:00 minutes

Players Stats for Rangers

Player Name              G  A  P  +/- PIM S  H  SB GA TA FO     MP     PP MP  PK MP  
------------------------------------------------------------------------------------
Alex Goligoski           1  1  2   0  0   2  3  2  0  0  0/0    26:28   3:36   2:10 
Alexander Radulov        0  1  1   0  0   0  0  0  0  0  0/2    17:38   3:36   0:00 
Alexei Emelin            0  0  0   1  2   1  1  0  0  0  0/0    12:36   0:00   0:19 
Anthony Mantha           0  0  0   1  0   1  1  0  0  0  0/0    19:02   3:36   0:00 
Benoit Pouliot           0  0  0   0  0   1  1  0  0  0  0/1     7:13   0:00   0:30 
Connor McDavid           0  0  0   0  0   2  2  1  0  0  13/24  20:33   2:15   2:04 
James Neal               0  0  0   0  0   3  0  0  0  0  1/2    18:29   2:15   0:00 
Jamie McGinn             0  0  0   0  0   0  1  0  0  0  0/0     6:43   0:00   0:00 
Joel Edmundson           0  0  0   1  0   0  2  0  0  0  0/0    12:37   0:00   0:19 
Mark Letestu             0  0  0   0  0   1  0  0  0  0  5/7     6:43   0:00   0:00 
Matt Niskanen            1  1  2   0  0   3  1  2  0  0  0/0    26:28   3:36   2:10 
Michael Del Zotto        0  1  1   1  0   0  2  1  0  0  0/0    20:55   2:15   1:29 
Nick Bonino              1  1  2   1  0   3  1  0  0  0  10/17  13:37   0:00   1:49 
Nick Leddy               0  1  1   1  0   0  0  2  0  0  0/0    20:55   2:15   1:29 
Noel Acciari             1  0  1   1  0   1  1  1  0  0  1/2    13:46   0:00   1:58 
Ondrej Palat             0  0  0   0  2   3  1  0  0  0  0/0    17:53   2:15   0:00 
Tom Kuhnhackl            0  1  1   1  2   3  0  0  0  0  0/0    11:47   0:00   0:00 
Vincent Trocheck         0  1  1   1  0   7  0  0  0  0  15/27  20:37   3:36   1:35 

Players Stats for Flyers

Player Name              G  A  P  +/- PIM S  H  SB GA TA FO     MP     PP MP  PK MP  
------------------------------------------------------------------------------------
Alexander Burmistrov     0  0  0   0  0   2  1  0  0  0  2/2     9:36   0:00   2:12 
Alexander Killorn        0  0  0   0  0   2  0  0  0  0  1/2    19:06   1:49   2:59 
Anders Lee               0  0  0   0  2   4  0  0  0  0  0/1    18:27   1:26   1:27 
Ben Hutton               0  0  0   0  0   2  0  1  0  0  0/0    19:50   0:00   3:08 
Brad Marchand            0  0  0  -2  0   6  1  0  0  0  2/2    19:09   1:26   0:00 
Brandon Saad             0  0  0  -1  2   2  1  1  0  0  0/1    18:13   2:32   0:00 
Calle Jarnkrok           0  1  1   0  0   1  1  1  0  0  8/17   14:02   2:09   1:42 
Casey Cizikas            0  0  0   0  0   1  1  0  0  0  7/10   10:04   0:00   2:40 
Damon Severson           0  0  0  -1  2   0  4  0  0  0  0/0    22:19   0:00   1:49 
Dominik Simon            0  0  0   0  0   0  0  0  0  0  0/0     7:24   0:00   0:00 
Jonathan Ericsson        0  0  0  -1  0   0  2  1  0  0  0/0    13:57   0:00   1:04 
Markus Nutivaara         0  1  1  -1  0   1  0  1  0  0  0/0    15:29   2:09   0:27 
Mathew Barzal            0  0  0  -2  0   1  2  0  0  0  7/25   19:51   1:26   0:42 
Mattias Janmark          1  0  1   0  0   4  1  0  0  0  0/0    10:11   0:00   0:00 
Nico Hischier            0  0  0   0  2   0  0  0  0  0  8/20   17:24   2:32   0:00 
Nikita Zaitsev           0  0  0   0  0   1  1  3  0  0  0/0    19:45   0:00   2:58 
Thomas Vanek             0  0  0   0  0   2  1  0  0  0  2/2    12:43   2:32   0:00 
Zach Werenski            0  0  0  -1  0   0  0  2  0  0  0/0    24:36   1:49   2:16 

3 Stars

1 - Alex Goligoski (NYR)
2 - Nick Bonino (NYR)
3 - Matt Niskanen (NYR)

Power Play

Rangers - 1 on 3 Attempt(s) - 33.33%
Flyers - 0 on 2 Attempt(s) - 0.00%

Penalty Kill

Rangers - 2 on 2 Attempt(s) - 100.00% - Score 0 goal in Penalty Kill
Flyers - 2 on 3 Attempt(s) - 66.67% - Score 0 goal in Penalty Kill

Team Stat

Rangers - Hits : 17 - Faceoff Wins : 45 - Blocked Shots : 9 - Penalty Minutes : 6
Flyers - Hits : 16 - Faceoff Wins : 37 - Blocked Shots : 10 - Penalty Minutes : 8

Official

Referees : Tom Chmielewski and Frederick L'Ecuyer
Linesman : Steve Barton and Scott Driscoll

Game Notes

No Game Note

Finance

Level 1 -- Attendance: 6500 (100.00%) -- Ticket Income 715 000 $
Level 2 -- Attendance: 4765 (95.30%) -- Ticket Income 390 730 $
Level 3 -- Attendance: 2802 (80.06%) -- Ticket Income 176 526 $
Level 4 -- Attendance: 2986 (84.42%) -- Ticket Income 59 720 $
Luxury Box -- Attendance: 883 (88.30%) -- Ticket Income 198 675 $
Game was played at the Wells Fargo Center.
Total Attendance: 17936 (91.81%)
Total Ticket Income: 1 540 651 $
Other Income: 754 919 $
Total Income: 2 295 570 $

% Time on Ice - Rangers

Lines # - Real PCT - Wanted PCT - Time Play
Normal Forward
1 - 32% - 36% - 15:39
2 - 29% - 34% - 14:02
3 - 24% - 20% - 11:48
4 - 14% - 10% - 6:43
Normal Defense
1 - 38% - 43% - 18:30
2 - 34% - 32% - 16:23
3 - 26% - 20% - 12:18
4 - 2% - 5% - 1:01
PP Forward
1 - 38% - 55% - 2:15
2 - 62% - 45% - 3:36
PP Defense
1 - 62% - 55% - 3:36
2 - 38% - 45% - 2:15
PK Forward
1 - 62% - 55% - 2:28
2 - 38% - 45% - 1:30
PK Defense
1 - 63% - 55% - 2:29
2 - 37% - 45% - 1:29
PK3 Forward
1 - 0% - 60%
2 - 0% - 40%
PK3 Defense
1 - 0% - 60%
2 - 0% - 40%
44 Forward
1 - 71% - 60% - 1:24
2 - 29% - 40% - 0:35
44 Defense
1 - 60% - 60% - 1:11
2 - 40% - 40% - 0:48
Last Minute Offensive  - 0:00
Last Minute Defensive  - 0:00
Total
Forward - 60:00
Defense - 60:00

% Time on Ice - Flyers

Lines # - Real PCT - Wanted PCT - Time Play
Normal Forward
1 - 34% - 37% - 16:19
2 - 30% - 33% - 14:18
3 - 21% - 20% - 10:11
4 - 15% - 10% - 7:24
Normal Defense
1 - 40% - 47% - 19:31
2 - 33% - 32% - 15:43
3 - 27% - 21% - 12:58
4 - 0% - 0% - 0:00
PP Forward
1 - 36% - 60% - 1:26
2 - 64% - 40% - 2:32
PP Defense
1 - 46% - 65% - 1:49
2 - 54% - 35% - 2:09
PK Forward
1 - 94% - 60% - 5:31
2 - 6% - 40% - 0:20
PK Defense
1 - 45% - 50% - 2:37
2 - 55% - 50% - 3:14
PK3 Forward
1 - 0% - 60%
2 - 0% - 40%
PK3 Defense
1 - 0% - 60%
2 - 0% - 40%
44 Forward
1 - 71% - 60% - 1:24
2 - 29% - 40% - 0:35
44 Defense
1 - 50% - 60% - 1:00
2 - 50% - 40% - 0:59
Last Minute Offensive  - 0:00
Last Minute Defensive  - 0:00
Total
Forward - 60:00
Defense - 60:00

Play-by-Play

1st period


0:01 of 1st period - Connor McDavid wins face-off versus Mathew Barzal in neutral zone.
0:01 of 1st period - Connor McDavid is hit by Brad Marchand.
0:25 of 1st period - Shot by Ondrej Palat.
0:25 of 1st period - Shot Misses the Net.
0:41 of 1st period - Shot by Brandon Saad.
0:41 of 1st period - Shot Misses the Net.
1:02 of 1st period - Off-side.
1:03 of 1st period - Nick Bonino wins face-off versus Nico Hischier in neutral zone.
1:23 of 1st period - Shot by Anders Lee.
1:23 of 1st period - Stopped by Andrei Vasilevskiy without a rebound.
1:24 of 1st period - Vincent Trocheck wins face-off versus Calle Jarnkrok in Rangers zone.
1:24 of 1st period - Alexander Radulov is hit by Jonathan Ericsson and loses puck.
1:28 of 1st period - Icing by Nick Leddy.
1:29 of 1st period - Vincent Trocheck wins face-off versus Calle Jarnkrok in Rangers zone.
1:29 of 1st period - Vincent Trocheck is hit by Thomas Vanek.
1:44 of 1st period - Shot by Calle Jarnkrok.
1:44 of 1st period - Shot Misses the Net.
1:48 of 1st period - Shot by Mattias Janmark.
1:48 of 1st period - Stopped by Andrei Vasilevskiy without a rebound.
1:49 of 1st period - Nico Hischier wins face-off versus Benoit Pouliot in Rangers zone.
1:49 of 1st period - Anders Lee is hit by Matt Niskanen and loses puck.
2:58 of 1st period - Shot by Alexander Burmistrov.
2:58 of 1st period - Shot Blocked by Michael Del Zotto.
3:00 of 1st period - Shot by Casey Cizikas.
3:00 of 1st period - Stopped by Andrei Vasilevskiy without a rebound.
3:01 of 1st period - Calle Jarnkrok wins face-off versus Nick Bonino in Rangers zone.
3:01 of 1st period - Thomas Vanek is hit by Joel Edmundson and loses puck.
3:10 of 1st period - Shot by Mattias Janmark.
3:10 of 1st period - Deflect By Thomas Vanek.
3:10 of 1st period - Stopped by Andrei Vasilevskiy without a rebound.
3:11 of 1st period - Connor McDavid wins face-off versus Mathew Barzal in Rangers zone.
3:26 of 1st period - Shot by Brandon Saad.
3:26 of 1st period - Stopped by Andrei Vasilevskiy without a rebound.
3:27 of 1st period - Nick Bonino wins face-off versus Calle Jarnkrok in Rangers zone.
3:32 of 1st period - Shot by Mattias Janmark.
3:32 of 1st period - Shot Misses the Net.
3:34 of 1st period - Shot by Calle Jarnkrok.
3:34 of 1st period - Shot Blocked by Alex Goligoski.
3:36 of 1st period - Shot by Mattias Janmark.
3:36 of 1st period - Goal by Mattias Janmark - Rangers : 0 - Flyers : 1.
3:37 of 1st period - Casey Cizikas wins face-off versus Connor McDavid in neutral zone.
3:37 of 1st period - Casey Cizikas is hit by Connor McDavid.
3:41 of 1st period - Matt Niskanen is hit by Casey Cizikas and loses puck.
4:06 of 1st period - Shot by Alexander Burmistrov.
4:06 of 1st period - Stopped by Andrei Vasilevskiy without a rebound.
4:07 of 1st period - Vincent Trocheck wins face-off versus Mathew Barzal in Rangers zone.
4:15 of 1st period - Icing by Nick Leddy.
4:16 of 1st period - Vincent Trocheck wins face-off versus Anders Lee in Rangers zone.
4:47 of 1st period - Shot by Alexander Radulov.
4:47 of 1st period - Shot Blocked by Ben Hutton.
4:49 of 1st period - Shot by Vincent Trocheck.
4:49 of 1st period - Stopped by Ben Bishop without a rebound.
4:50 of 1st period - Nick Bonino wins face-off versus Mathew Barzal in Flyers zone.
4:55 of 1st period - Shot by Tom Kuhnhackl.
4:55 of 1st period - Deflect By Nick Bonino.
4:55 of 1st period - Stopped by Ben Bishop without a rebound.
4:56 of 1st period - Nick Bonino wins face-off versus Mathew Barzal in Flyers zone.
4:57 of 1st period - Shot by Tom Kuhnhackl.
4:57 of 1st period - Stopped by Ben Bishop without a rebound.
4:58 of 1st period - Calle Jarnkrok wins face-off versus Connor McDavid in Flyers zone.
5:13 of 1st period - Damon Severson is hit by Ondrej Palat and loses puck.
5:22 of 1st period - Shot by Connor McDavid.
5:22 of 1st period - Deflect By James Neal.
5:22 of 1st period - Stopped by Ben Bishop without a rebound.
5:23 of 1st period - Nick Bonino wins face-off versus Mathew Barzal in Flyers zone.
5:38 of 1st period - Shot by Nick Bonino.
5:38 of 1st period - Shot Blocked by Markus Nutivaara.
5:40 of 1st period - Shot by Nick Bonino.
5:40 of 1st period - Shot Misses the Net.
6:29 of 1st period - Shot by Vincent Trocheck.
6:29 of 1st period - Stopped by Ben Bishop without a rebound.
6:30 of 1st period - Nico Hischier wins face-off versus Connor McDavid in Flyers zone.
6:51 of 1st period - Shot by Alexander Killorn.
6:51 of 1st period - Shot Misses the Net.
6:53 of 1st period - Shot by Alexander Killorn.
6:53 of 1st period - Stopped by Andrei Vasilevskiy without a rebound.
6:54 of 1st period - Calle Jarnkrok wins face-off versus Vincent Trocheck in Rangers zone.
7:13 of 1st period - Shot by Thomas Vanek.
7:13 of 1st period - Shot Misses the Net.
7:53 of 1st period - Off-side.
7:54 of 1st period - Nick Bonino wins face-off versus Nico Hischier in neutral zone.
8:16 of 1st period - Off-side.
8:17 of 1st period - Mathew Barzal wins face-off versus Connor McDavid in neutral zone.
8:17 of 1st period - Brad Marchand is hit by Connor McDavid and loses puck.
8:28 of 1st period - Shot by Ondrej Palat.
8:28 of 1st period - Shot Misses the Net.
8:30 of 1st period - Shot by James Neal.
8:30 of 1st period - Deflect By Ondrej Palat.
8:30 of 1st period - Shot Misses the Net.
8:32 of 1st period - Shot by Ondrej Palat.
8:32 of 1st period - Shot Misses the Net.
8:36 of 1st period - Shot by Connor McDavid.
8:36 of 1st period - Stopped by Ben Bishop without a rebound.
8:37 of 1st period - Mark Letestu wins face-off versus Nico Hischier in Flyers zone.
9:27 of 1st period - Brad Marchand is hit by Jamie McGinn.
9:45 of 1st period - Shot by Mathew Barzal.
9:45 of 1st period - Shot Misses the Net.
10:44 of 1st period - Icing by Jonathan Ericsson.
10:45 of 1st period - Casey Cizikas wins face-off versus Connor McDavid in Flyers zone.
11:12 of 1st period - Michael Del Zotto is hit by Alexander Burmistrov and loses puck.
11:27 of 1st period - Icing by Michael Del Zotto.
11:28 of 1st period - Connor McDavid wins face-off versus Mathew Barzal in Rangers zone.
11:42 of 1st period - Icing by Zach Werenski.
11:43 of 1st period - Vincent Trocheck wins face-off versus Brandon Saad in Flyers zone.
12:06 of 1st period - Shot by Vincent Trocheck.
12:06 of 1st period - Stopped by Ben Bishop with a rebound.
12:57 of 1st period - Shot by Tom Kuhnhackl.
12:57 of 1st period - Shot Misses the Net.
13:37 of 1st period - Shot by Mattias Janmark.
13:37 of 1st period - Stopped by Andrei Vasilevskiy with a rebound.
13:39 of 1st period - Shot by Mattias Janmark.
13:39 of 1st period - Stopped by Andrei Vasilevskiy with a rebound.
13:41 of 1st period - Shot by Thomas Vanek.
13:41 of 1st period - Stopped by Andrei Vasilevskiy without a rebound.
13:42 of 1st period - Alexander Burmistrov wins face-off versus Vincent Trocheck in Rangers zone.
13:59 of 1st period - Shot by Alexander Radulov.
13:59 of 1st period - Shot Misses the Net.
14:01 of 1st period - Shot by Vincent Trocheck.
14:01 of 1st period - Shot Misses the Net.
14:03 of 1st period - Shot by Alexei Emelin.
14:03 of 1st period - Stopped by Ben Bishop without a rebound.
14:04 of 1st period - Mathew Barzal wins face-off versus Connor McDavid in Flyers zone.
15:01 of 1st period - Shot by Matt Niskanen.
15:01 of 1st period - Stopped by Ben Bishop without a rebound.
15:02 of 1st period - Nico Hischier wins face-off versus Vincent Trocheck in Flyers zone.
15:20 of 1st period - Shot by Zach Werenski.
15:20 of 1st period - Shot Misses the Net.
15:28 of 1st period - Shot by Nico Hischier.
15:28 of 1st period - Shot Misses the Net.
15:30 of 1st period - Shot by Zach Werenski.
15:30 of 1st period - Shot Misses the Net.
16:09 of 1st period - Shot by Alex Goligoski.
16:09 of 1st period - Shot Blocked by Calle Jarnkrok.
16:32 of 1st period - Tom Kuhnhackl is hit by Calle Jarnkrok and loses puck.
17:06 of 1st period - Shot by Brandon Saad.
17:06 of 1st period - Shot Misses the Net.
17:08 of 1st period - Shot by Brandon Saad.
17:08 of 1st period - Stopped by Andrei Vasilevskiy with a rebound.
17:10 of 1st period - Shot by Brandon Saad.
17:10 of 1st period - Shot Misses the Net.
17:12 of 1st period - Shot by Brandon Saad.
17:12 of 1st period - Shot Misses the Net.
18:04 of 1st period - Shot by Zach Werenski.
18:04 of 1st period - Shot Misses the Net.
18:23 of 1st period - Icing by Matt Niskanen.
18:24 of 1st period - Nick Bonino wins face-off versus Nico Hischier in Rangers zone.
18:28 of 1st period - Alex Goligoski is hit by Nikita Zaitsev and loses puck.
18:53 of 1st period - Shot by Alexander Killorn.
18:53 of 1st period - Shot Blocked by Noel Acciari.
18:55 of 1st period - Shot by Anders Lee.
18:55 of 1st period - Stopped by Andrei Vasilevskiy without a rebound.
18:56 of 1st period - Calle Jarnkrok wins face-off versus Connor McDavid in Rangers zone.
18:57 of 1st period - Shot by Thomas Vanek.
18:57 of 1st period - Deflect By Mattias Janmark.
18:57 of 1st period - Shot Misses the Net.
18:59 of 1st period - Shot by Markus Nutivaara.
18:59 of 1st period - Shot Misses the Net.
19:01 of 1st period - Shot by Calle Jarnkrok.
19:01 of 1st period - Shot Blocked by Nick Leddy.
19:03 of 1st period - Shot by Markus Nutivaara.
19:03 of 1st period - Stopped by Andrei Vasilevskiy without a rebound.
19:04 of 1st period - Mathew Barzal wins face-off versus Connor McDavid in Rangers zone.
19:22 of 1st period - Icing by Nick Leddy.
19:23 of 1st period - Connor McDavid wins face-off versus Nico Hischier in Rangers zone.
19:43 of 1st period - Shot by Ben Hutton.
19:43 of 1st period - Deflect By Anders Lee.
19:43 of 1st period - Shot Misses the Net.
19:45 of 1st period - Shot by Anders Lee.
19:45 of 1st period - Shot Misses the Net.
19:47 of 1st period - Shot by Nikita Zaitsev.
19:47 of 1st period - Shot Misses the Net.
19:56 of 1st period - Anders Lee is hit by Michael Del Zotto and loses puck.
Goals for this period are 0 for Rangers vs 1 for Flyers.
Shots for this period are 9 for Rangers vs 14 for Flyers.

2nd period


0:01 of 2nd period - Vincent Trocheck wins face-off versus Mathew Barzal in neutral zone.
0:08 of 2nd period - Shot by Vincent Trocheck.
0:08 of 2nd period - Shot Misses the Net.
0:16 of 2nd period - Shot by Vincent Trocheck.
0:16 of 2nd period - Stopped by Ben Bishop without a rebound.
0:17 of 2nd period - Connor McDavid wins face-off versus Calle Jarnkrok in Flyers zone.
0:22 of 2nd period - Shot by James Neal.
0:22 of 2nd period - Stopped by Ben Bishop without a rebound.
0:23 of 2nd period - Calle Jarnkrok wins face-off versus Vincent Trocheck in Flyers zone.
1:27 of 2nd period - Minor Penalty to Ondrej Palat for Goalie Interference.
1:28 of 2nd period - Nick Bonino wins face-off versus Mathew Barzal in Rangers zone.
1:43 of 2nd period - Shot by Anders Lee.
1:43 of 2nd period - Shot Misses the Net.
1:45 of 2nd period - Shot by Anders Lee.
1:45 of 2nd period - Shot Misses the Net.
1:55 of 2nd period - Shot by Mathew Barzal.
1:55 of 2nd period - Shot Blocked by Matt Niskanen.
1:57 of 2nd period - Shot by Zach Werenski.
1:57 of 2nd period - Deflect By Brad Marchand.
1:57 of 2nd period - Shot Misses the Net.
1:59 of 2nd period - Shot by Anders Lee.
1:59 of 2nd period - Shot Misses the Net.
3:56 of 2nd period - Nikita Zaitsev is hit by Benoit Pouliot.
4:05 of 2nd period - Nikita Zaitsev is hit by Alexei Emelin and loses puck.
4:49 of 2nd period - Ondrej Palat is hit by Damon Severson and loses puck.
4:57 of 2nd period - Minor Penalty to Damon Severson for High sticking.
4:58 of 2nd period - Vincent Trocheck wins face-off versus Casey Cizikas in Flyers zone.
6:19 of 2nd period - Shot by Ondrej Palat.
6:19 of 2nd period - Shot Misses the Net.
9:39 of 2nd period - Shot by Nick Leddy.
9:39 of 2nd period - Deflect By James Neal.
9:39 of 2nd period - Stopped by Ben Bishop with a rebound.
10:53 of 2nd period - Icing by Mark Letestu.
10:54 of 2nd period - Mathew Barzal wins face-off versus Mark Letestu in Rangers zone.
10:58 of 2nd period - Icing by Michael Del Zotto.
10:59 of 2nd period - Mark Letestu wins face-off versus Mathew Barzal in Rangers zone.
11:14 of 2nd period - Shot by Connor McDavid.
11:14 of 2nd period - Shot Blocked by Nikita Zaitsev.
11:43 of 2nd period - Off-side.
11:44 of 2nd period - Vincent Trocheck wins face-off versus Nico Hischier in neutral zone.
12:18 of 2nd period - Icing by Damon Severson.
12:19 of 2nd period - Nico Hischier wins face-off versus Nick Bonino in Flyers zone.
12:54 of 2nd period - Shot by Mathew Barzal.
12:54 of 2nd period - Shot Blocked by Nick Leddy.
12:56 of 2nd period - Shot by Brad Marchand.
12:56 of 2nd period - Deflect By Brandon Saad.
12:56 of 2nd period - Shot Misses the Net.
12:58 of 2nd period - Shot by Brad Marchand.
12:58 of 2nd period - Stopped by Andrei Vasilevskiy with a rebound.
13:00 of 2nd period - Shot by Brad Marchand.
13:00 of 2nd period - Stopped by Andrei Vasilevskiy without a rebound.
13:01 of 2nd period - Thomas Vanek wins face-off versus Connor McDavid in Rangers zone.
13:01 of 2nd period - Thomas Vanek is hit by Alex Goligoski.
13:22 of 2nd period - Icing by Nikita Zaitsev.
13:23 of 2nd period - Calle Jarnkrok wins face-off versus Vincent Trocheck in Flyers zone.
15:30 of 2nd period - Nick Bonino is hit by Jonathan Ericsson and loses puck.
15:33 of 2nd period - Shot by Nick Bonino.
15:33 of 2nd period - Goal by Nick Bonino - Rangers : 1 - Flyers : 1.
15:34 of 2nd period - Mark Letestu wins face-off versus Casey Cizikas in neutral zone.
16:09 of 2nd period - Shot by Benoit Pouliot.
16:09 of 2nd period - Stopped by Ben Bishop without a rebound.
16:10 of 2nd period - Mathew Barzal wins face-off versus Alexander Radulov in Flyers zone.
16:16 of 2nd period - Icing by Alex Goligoski.
16:17 of 2nd period - Vincent Trocheck wins face-off versus Mathew Barzal in Rangers zone.
16:17 of 2nd period - Vincent Trocheck is hit by Brandon Saad.
16:40 of 2nd period - Shot by Alex Goligoski.
16:40 of 2nd period - Shot Blocked by Jonathan Ericsson.
16:42 of 2nd period - Shot by Vincent Trocheck.
16:42 of 2nd period - Stopped by Ben Bishop with a rebound.
16:44 of 2nd period - Shot by Anthony Mantha.
16:44 of 2nd period - Stopped by Ben Bishop without a rebound.
16:45 of 2nd period - Connor McDavid wins face-off versus Nico Hischier in Flyers zone.
16:45 of 2nd period - Nick Leddy is hit by Damon Severson and loses puck.
17:28 of 2nd period - Minor Penalty to Nico Hischier for Hooking.
17:29 of 2nd period - Casey Cizikas wins face-off versus Alexander Radulov in Flyers zone.
17:29 of 2nd period - Alexander Killorn is hit by Anthony Mantha and loses puck.
18:54 of 2nd period - Shot by Zach Werenski.
18:54 of 2nd period - Shot Hit the Post.
19:21 of 2nd period - Shot by Matt Niskanen.
19:21 of 2nd period - Goal by Matt Niskanen - Rangers : 2 - Flyers : 1.
19:22 of 2nd period - Brad Marchand wins face-off versus Nick Bonino in neutral zone.
Goals for this period are 2 for Rangers vs 0 for Flyers.
Shots for this period are 8 for Rangers vs 2 for Flyers.

3rd period


0:01 of 3rd period - Mathew Barzal wins face-off versus Vincent Trocheck in neutral zone.
0:50 of 3rd period - Icing by Brad Marchand.
0:51 of 3rd period - Connor McDavid wins face-off versus Mathew Barzal in Flyers zone.
0:56 of 3rd period - Shot by Connor McDavid.
0:56 of 3rd period - Shot Blocked by Brandon Saad.
1:10 of 3rd period - Shot by James Neal.
1:10 of 3rd period - Shot Misses the Net.
1:16 of 3rd period - Shot by Ondrej Palat.
1:16 of 3rd period - Stopped by Ben Bishop without a rebound.
1:17 of 3rd period - Alexander Killorn wins face-off versus Nick Bonino in Flyers zone.
1:24 of 3rd period - Shot by Ben Hutton.
1:24 of 3rd period - Stopped by Andrei Vasilevskiy without a rebound.
1:25 of 3rd period - Mark Letestu wins face-off versus Nico Hischier in Rangers zone.
1:44 of 3rd period - Shot by Anders Lee.
1:44 of 3rd period - Stopped by Andrei Vasilevskiy with a rebound.
1:46 of 3rd period - Shot by Anders Lee.
1:46 of 3rd period - Stopped by Andrei Vasilevskiy without a rebound.
1:47 of 3rd period - Thomas Vanek wins face-off versus Connor McDavid in Rangers zone.
1:49 of 3rd period - Mattias Janmark is hit by Michael Del Zotto and loses puck.
2:24 of 3rd period - Shot by Connor McDavid.
2:24 of 3rd period - Shot Misses the Net.
2:28 of 3rd period - Shot by Ondrej Palat.
2:28 of 3rd period - Shot Misses the Net.
2:50 of 3rd period - Shot by Alexander Killorn.
2:50 of 3rd period - Stopped by Andrei Vasilevskiy with a rebound.
2:52 of 3rd period - Shot by Ben Hutton.
2:52 of 3rd period - Stopped by Andrei Vasilevskiy without a rebound.
2:53 of 3rd period - Noel Acciari wins face-off versus Mathew Barzal in Rangers zone.
3:09 of 3rd period - Minor Penalty to Brandon Saad for Holding.
3:09 of 3rd period - Minor Penalty to Alexei Emelin for Tripping.
3:10 of 3rd period - Brad Marchand wins face-off versus Vincent Trocheck in Rangers zone.
3:25 of 3rd period - Shot by Brad Marchand.
3:25 of 3rd period - Shot Blocked by Alex Goligoski.
3:27 of 3rd period - Shot by Mathew Barzal.
3:27 of 3rd period - Shot Hit the Post.
3:33 of 3rd period - Shot by Brad Marchand.
3:33 of 3rd period - Stopped by Andrei Vasilevskiy without a rebound.
3:34 of 3rd period - Mathew Barzal wins face-off versus Vincent Trocheck in Rangers zone.
4:04 of 3rd period - Icing by Damon Severson.
4:05 of 3rd period - Vincent Trocheck wins face-off versus Mathew Barzal in Flyers zone.
4:16 of 3rd period - Shot by Alex Goligoski.
4:16 of 3rd period - Goal by Alex Goligoski - Rangers : 3 - Flyers : 1.
4:17 of 3rd period - Nico Hischier wins face-off versus Connor McDavid in neutral zone.
4:45 of 3rd period - Shot by James Neal.
4:45 of 3rd period - Shot Blocked by Nikita Zaitsev.
4:47 of 3rd period - Shot by Connor McDavid.
4:47 of 3rd period - Shot Misses the Net.
4:49 of 3rd period - Shot by Alex Goligoski.
4:49 of 3rd period - Shot Misses the Net.
4:51 of 3rd period - Shot by Matt Niskanen.
4:51 of 3rd period - Stopped by Ben Bishop without a rebound.
4:52 of 3rd period - Vincent Trocheck wins face-off versus Mathew Barzal in Flyers zone.
4:55 of 3rd period - Shot by Anthony Mantha.
4:55 of 3rd period - Shot Misses the Net.
4:57 of 3rd period - Shot by Vincent Trocheck.
4:57 of 3rd period - Shot Blocked by Zach Werenski.
5:11 of 3rd period - Shot by Nick Bonino.
5:11 of 3rd period - Stopped by Ben Bishop without a rebound.
5:12 of 3rd period - Calle Jarnkrok wins face-off versus Noel Acciari in Flyers zone.
5:12 of 3rd period - Calle Jarnkrok is hit by Nick Bonino.
5:13 of 3rd period - Minor Penalty to Tom Kuhnhackl for Slashing.
5:14 of 3rd period - Nico Hischier wins face-off versus Vincent Trocheck in Rangers zone.
5:15 of 3rd period - Shot by Zach Werenski.
5:15 of 3rd period - Shot Blocked by Connor McDavid.
5:47 of 3rd period - Shot by Zach Werenski.
5:47 of 3rd period - Shot Blocked by Matt Niskanen.
6:13 of 3rd period - Zach Werenski is hit by Noel Acciari and loses puck.
6:30 of 3rd period - Shot by Nick Leddy.
6:30 of 3rd period - Shot Misses the Net.
7:25 of 3rd period - Icing by Ben Hutton.
7:26 of 3rd period - Casey Cizikas wins face-off versus James Neal in Flyers zone.
7:38 of 3rd period - Icing by Alexei Emelin.
7:39 of 3rd period - Connor McDavid wins face-off versus Casey Cizikas in Rangers zone.
7:54 of 3rd period - Shot by Ondrej Palat.
7:54 of 3rd period - Shot Misses the Net.
8:10 of 3rd period - Shot by Ondrej Palat.
8:10 of 3rd period - Stopped by Ben Bishop with a rebound.
8:30 of 3rd period - Shot by Vincent Trocheck.
8:30 of 3rd period - Stopped by Ben Bishop with a rebound.
8:32 of 3rd period - Shot by Alex Goligoski.
8:32 of 3rd period - Stopped by Ben Bishop without a rebound.
8:33 of 3rd period - Nico Hischier wins face-off versus Nick Bonino in Flyers zone.
8:43 of 3rd period - Minor Penalty to Anders Lee for Cross-checking.
8:44 of 3rd period - Vincent Trocheck wins face-off versus Calle Jarnkrok in Flyers zone.
9:15 of 3rd period - Icing by Anthony Mantha.
9:16 of 3rd period - Casey Cizikas wins face-off versus Vincent Trocheck in Rangers zone.
9:16 of 3rd period - Casey Cizikas is hit by Alex Goligoski.
9:34 of 3rd period - Shot by Vincent Trocheck.
9:34 of 3rd period - Stopped by Ben Bishop with a rebound.
10:17 of 3rd period - Shot by Nick Leddy.
10:17 of 3rd period - Shot Blocked by Nikita Zaitsev.
10:19 of 3rd period - Shot by Connor McDavid.
10:19 of 3rd period - Stopped by Ben Bishop without a rebound.
10:20 of 3rd period - Vincent Trocheck wins face-off versus Calle Jarnkrok in Flyers zone.
10:21 of 3rd period - Shot by Alex Goligoski.
10:21 of 3rd period - Shot Misses the Net.
10:36 of 3rd period - Icing by Vincent Trocheck.
10:37 of 3rd period - Alexander Burmistrov wins face-off versus Vincent Trocheck in Rangers zone.
10:38 of 3rd period - Shot by Alexander Killorn.
10:38 of 3rd period - Shot Misses the Net.
11:13 of 3rd period - Shot by Brad Marchand.
11:13 of 3rd period - Stopped by Andrei Vasilevskiy without a rebound.
11:14 of 3rd period - Connor McDavid wins face-off versus Nico Hischier in Rangers zone.
12:03 of 3rd period - Icing by Ben Hutton.
12:04 of 3rd period - Vincent Trocheck wins face-off versus Alexander Killorn in Flyers zone.
12:31 of 3rd period - Shot by Vincent Trocheck.
12:31 of 3rd period - Shot Misses the Net.
13:22 of 3rd period - Shot by Brad Marchand.
13:22 of 3rd period - Stopped by Andrei Vasilevskiy without a rebound.
13:23 of 3rd period - Connor McDavid wins face-off versus Calle Jarnkrok in Rangers zone.
13:23 of 3rd period - Connor McDavid is hit by Mattias Janmark.
13:44 of 3rd period - Shot by Connor McDavid.
13:44 of 3rd period - Shot Misses the Net.
14:14 of 3rd period - Shot by Nick Bonino.
14:14 of 3rd period - Shot Misses the Net.
14:16 of 3rd period - Shot by Noel Acciari.
14:16 of 3rd period - Goal by Noel Acciari - Rangers : 4 - Flyers : 1.
14:17 of 3rd period - Mark Letestu wins face-off versus Mathew Barzal in neutral zone.
14:32 of 3rd period - Shot by Benoit Pouliot.
14:32 of 3rd period - Deflect By Mark Letestu.
14:32 of 3rd period - Stopped by Ben Bishop without a rebound.
14:33 of 3rd period - Casey Cizikas wins face-off versus Nick Bonino in Flyers zone.
14:50 of 3rd period - Nick Bonino is hit by Damon Severson and loses puck.
14:53 of 3rd period - Shot by Tom Kuhnhackl.
14:53 of 3rd period - Stopped by Ben Bishop without a rebound.
14:54 of 3rd period - Connor McDavid wins face-off versus Mathew Barzal in Flyers zone.
15:01 of 3rd period - Shot by Connor McDavid.
15:01 of 3rd period - Shot Misses the Net.
15:14 of 3rd period - Shot by Brad Marchand.
15:14 of 3rd period - Shot Misses the Net.
15:24 of 3rd period - Shot by Brad Marchand.
15:24 of 3rd period - Stopped by Andrei Vasilevskiy with a rebound.
15:26 of 3rd period - Shot by Nikita Zaitsev.
15:26 of 3rd period - Stopped by Andrei Vasilevskiy without a rebound.
15:27 of 3rd period - Nico Hischier wins face-off versus Vincent Trocheck in Rangers zone.
15:37 of 3rd period - Vincent Trocheck is hit by Damon Severson and loses puck.
15:52 of 3rd period - Off-side.
15:53 of 3rd period - Nick Bonino wins face-off versus Calle Jarnkrok in neutral zone.
16:51 of 3rd period - Vincent Trocheck is hit by Mathew Barzal and loses puck.
17:26 of 3rd period - Icing by Michael Del Zotto.
17:27 of 3rd period - Vincent Trocheck wins face-off versus Nico Hischier in Rangers zone.
17:43 of 3rd period - Shot by Anders Lee.
17:43 of 3rd period - Shot Misses the Net.
18:17 of 3rd period - Icing by Nico Hischier.
18:18 of 3rd period - Connor McDavid wins face-off versus Nico Hischier in Flyers zone.
18:19 of 3rd period - Shot by Ondrej Palat.
18:19 of 3rd period - Stopped by Ben Bishop with a rebound.
18:22 of 3rd period - Icing by Ben Hutton.
18:23 of 3rd period - Connor McDavid wins face-off versus Nico Hischier in Flyers zone.
19:07 of 3rd period - Shot by Mathew Barzal.
19:07 of 3rd period - Stopped by Andrei Vasilevskiy without a rebound.
19:08 of 3rd period - Calle Jarnkrok wins face-off versus Nick Bonino in Rangers zone.
19:08 of 3rd period - Calle Jarnkrok is hit by Joel Edmundson.
19:16 of 3rd period - Shot by Calle Jarnkrok.
19:16 of 3rd period - Stopped by Andrei Vasilevskiy without a rebound.
19:17 of 3rd period - Casey Cizikas wins face-off versus Mark Letestu in Rangers zone.
19:18 of 3rd period - Shot by Alexander Burmistrov.
19:18 of 3rd period - Stopped by Andrei Vasilevskiy without a rebound.
19:19 of 3rd period - Nick Bonino wins face-off versus Mathew Barzal in Rangers zone.
19:19 of 3rd period - Nick Bonino is hit by Mathew Barzal.
19:29 of 3rd period - Shot by Tom Kuhnhackl.
19:29 of 3rd period - Stopped by Ben Bishop without a rebound.
19:30 of 3rd period - James Neal wins face-off versus Calle Jarnkrok in Flyers zone.
19:39 of 3rd period - Shot by Connor McDavid.
19:39 of 3rd period - Shot Blocked by Zach Werenski.
19:48 of 3rd period - Zach Werenski is hit by Alex Goligoski and loses puck.
Goals for this period are 2 for Rangers vs 0 for Flyers.
Shots for this period are 14 for Rangers vs 13 for Flyers.